 Dungeon Crawl Stone Soup version 0.28.0 (webtiles) character file.

Game seed: 17363021122136821949

4 themarg the Caller (level 1, -1/13 HPs)
             Began as a Merfolk Summoner on Feb 17, 2022.
             Slain by a jackal (2 damage)
             ... on level 1 of the Dungeon.
             The game lasted 00:01:34 (293 turns).

themarg the Caller (Merfolk Summoner)                Turns: 293, Time: 00:01:35

Health: -1/13      AC:  2    Str:  8    XL:     1   Next: 70%
Magic:  0/3        EV: 12    Int: 14    God:
Gold:   11         SH:  0    Dex: 14    Spells: 3/4 levels left

rFire   . . .      SeeInvis .   (no weapon)
rCold   . . .      Faith    .   (no shield)
rNeg    . . .      Spirit   .   a - +0 robe
rPois   .          Reflect  .   (no helmet)
rElec   .          Harm     .   (no cloak)
rCorr   .          Rampage  .   (no gloves)
Will    .....                   (no boots)
Stlth   ++........              (no amulet)
HPRegen 0.04/turn               (no ring)
MPRegen 0.08/turn               (no ring)

@: no status effects
A: (nimble swimmer 2), mertail
a: no special abilities


You were on level 1 of the Dungeon.
You visited 1 branch of the dungeon, and saw 1 of its levels.

You collected 11 gold pieces.

Inventory:

Armour
 a - a +0 robe (worn)
Potions
 b - a potion of ambrosia {unknown}


   Skills:
 + Level 2.8 Dodging
 + Level 2.3 Stealth
 + Level 2.1 Spellcasting
 + Level 4.0 Summonings


You had 3 spell levels left.
You knew the following spells:

 Your Spells              Type           Power      Damage    Failure   Level
a - Summon Small Mammal   Summ           48%        N/A       4%          1

Your spell library contained the following spells:

 Spells                   Type           Power      Damage    Failure   Level
 Call Imp                 Summ           12%        N/A       7%          2
 Call Canine Familiar     Summ           12%        N/A       13%         3
 Summon Guardian Golem    Hex/Summ       7%         N/A       30%         3
 Summon Lightning Spire   Summ/Air       7%         N/A       71%         4


Dungeon Overview and Level Annotations

Branches:
Dungeon (1/15)

Altars:


Innate Abilities, Weirdness & Mutations

((You are very nimble when in or above water. (Stealth+, EV+, Speed+++)))
Your lower body shifts to a powerful aquatic tail in water.


Message History

The jackal is moderately wounded.
Your bat hits the jackal but does no damage.
The jackal barely misses you.
You closely miss the jackal.
The jackal is moderately wounded.
Your bat hits the jackal. The jackal bites you.
Your bat completely misses the dart slug.
You closely miss the jackal.
The jackal is moderately wounded.
The jackal bites you.
The jackal bites you but does no damage.
Your bat hits the jackal but does no damage.
Casting: Summon Small Mammal (safe; 4% risk of failure)
Confirm with . or Enter, or press ? or * to list all spells.
Your bat hits the jackal but does no damage.
The jackal bites you.
* * * LOW HITPOINT WARNING * * *
The jackal barely misses something.
The jackal misses you.
Your rat closely misses the jackal.
Your magical contamination has completely faded away.
You closely miss the jackal.
The jackal is lightly wounded.
Your bat barely misses the hobgoblin.
Your bat hits the hobgoblin but does no damage.
The jackal closely misses your bat. The jackal bites you.
* * * LOW HITPOINT WARNING * * *
Your bat hits the jackal but does no damage.
Your rat bites the jackal but does no damage.
Your bat barely misses the hobgoblin.
The jackal bites your bat but does no damage.
Your bat misses the hobgoblin. The dart slug launches a dart at you.
The slug dart hits your bat.
Your bat dies!
Your bat's corpse disappears in a puff of smoke!
Your rat barely misses the jackal.
You barely miss the jackal.
The jackal is lightly wounded.
The jackal bites you.
You die...

#.......# #####
........# #...#
#.......###...#
...#####......#
.........##...#
###########...#######
########............#
.........#######.####
########## ##@# #rh#
.. #g## ... #.# .
..#######h### #.
#......w...#
#.##..........#
#...........b.#
#[..........#


You could see a dart slug, 2 jackals, a hobgoblin and a friendly rat (summoned).

Vanquished Creatures (collateral kills)
  A dart slug (D:1)
  A frilled lizard (D:1)
  2 rats (D:1)
4 creatures vanquished.

Notes
Turn   | Place    | Note
-------+----------+-------------------------------------------
     0 | D:1      | themarg the Merfolk Summoner began the quest for the Orb.
     0 | D:1      | Reached XP level 1. HP: 13/13 MP: 3/3
   293 | D:1      | Slain by a jackal

Illustrated notes

Levels and vault maps discovered:
D:1:      giann_bridges, layout_rooms, shapermc_ecumenical_altar_starsandcircs

Action                   || total
-------------------------++-------
Melee: Unarmed           ||    13
 Cast: Summon Small Mamm ||     7
Armor: Robe              ||     3
Dodge: Dodged            ||     8
